 Dungeon Crawl Stone Soup version 0.26-a0-244-g083ca260ac (webtiles) character file.

Game seed: 15132567314862103100

15002 MrRokkomies the Cleaver (level 12, -4/98 HPs)
             Began as a Human Gladiator on July 8, 2020.
             Was a Follower of Uskayaw.
             Splashed by a brown ugly thing's acid (6 damage)
             ... on level 11 of the Dungeon.
             The game lasted 00:36:01 (10647 turns).

MrRokkomies the Cleaver (Human Gladiator)          Turns: 10647, Time: 00:36:02

Health: -4/98      AC:  0    Str: 15    XL:     12   Next: 52%
Magic:  19/19      EV: 16    Int: 12    God:    Uskayaw [*.....]
Gold:   729        SH:  0    Dex: 16    Spells: 11/11 levels left

rFire    . . .     SeeInvis .   a - +0 battleaxe
rCold    + + +     Faith    .   (shield currently unavailable)
rNeg     . . .     Spirit   .   B - +2 ring mail {rC+}
rPois    .         Reflect  .   (helmet restricted)
rElec    .         Harm     .   O - +2 cloak
rCorr    .                      n - +0 pair of gloves
MR       +....                  K - +0 pair of boots
Stlth    +.........             k - amulet of regeneration
HPRegen  0.66/turn              E - ring of protection from cold
MPRegen  0.16/turn              h - ring of Yntemn {+Blink rC+ MR+}

@: corroded
A: horns 1, wild magic 1
a: Stomp, Renounce Religion, Evoke Blink


You were on level 11 of the Dungeon.
You worshipped Uskayaw.
Uskayaw was aware of your devotion.
You were not hungry.

You visited 2 branches of the dungeon, and saw 13 of its levels.
You also visited: Ossuary and Gauntlet.

You collected 729 gold pieces.

Inventory:

Hand Weapons
 a - a +0 battleaxe (weapon)
 v - a +2 dagger of venom
Missiles
 b - 15 boomerangs
 i - 18 javelins
 t - 48 poisoned darts (quivered)
 G - 4 datura-tipped darts
 M - 8 curare-tipped darts
Armour
 c - a +1 helmet
 n - a +0 pair of gloves (worn)
 B - a +2 ring mail of cold resistance (worn)
 K - a +0 pair of boots (worn)
 O - a +2 cloak (worn)
Jewellery
 g - a +4 ring of evasion
 h - the ring of Yntemn (right hand) {+Blink rC+ MR+}
   (You found it in a Gauntlet)

   [ring of protection from cold]

   It protects you from cold.
   It affects your resistance to hostile enchantments.
   It lets you blink.
 k - an amulet of regeneration (around neck)
 D - an uncursed ring of ice
 E - a ring of protection from cold (left hand)
 F - an uncursed ring of protection from fire
 N - a +6 ring of intelligence
Wands
 d - a wand of clouds (1)
 m - a wand of iceblast (26)
 x - a wand of polymorph (1)
 y - a wand of flame (13)
 H - a wand of enslavement (14)
 I - a wand of paralysis (3)
 J - a wand of disintegration (15)
 P - a wand of random effects (23)
Scrolls
 j - 4 scrolls of remove curse
 l - 3 scrolls of magic mapping
 r - a scroll of enchant weapon
 w - 2 scrolls of enchant armour
 A - 6 scrolls of identify
 C - 3 scrolls of teleportation
 L - a scroll of blinking
Potions
 e - 4 potions of flight
 o - 2 potions of lignification
 p - 3 potions of stabbing
 q - 4 potions of mutation
 s - 2 potions of brilliance
 u - a potion of curing
 z - a potion of cancellation
 Q - a potion of heal wounds
Comestibles
 f - 8 rations


   Skills:
 + Level 10.3 Fighting
 * Level 12.0 Axes
 - Level 2.0 Throwing
 + Level 8.9 Dodging
 * Level 9.4 Invocations


You had 11 spell levels left.
You didn't know any spells.
Your spell library contained the following spells:

 Spells                   Type           Power        Failure   Level
 Corona                   Hex            #......      63%         1
 Slow                     Hex            #.......     77%         2
 Inner Flame              Hex/Fire       #.......     93%         3
 Portal Projectile        Hex/Tloc       #.....       93%         3
 Cause Fear               Hex            #.........   100%        4
 Leda's Liquefaction      Hex/Erth       #.........   100%        4


Dungeon Overview and Level Annotations

Branches:
Dungeon (12/15)            Temple (1/1) D:7            Lair (0/6) D:8
Ossuary (visited)         Gauntlet (visited)
    Orc: D:9-12

Altars:
Ashenzari
Cheibriados
Dithmenos
Elyvilon
Fedhas
Gozag
Hepliaklqana
Kikubaaqudgha
Makhleb
Nemelex Xobeh
Okawaru
Qazlal
Ru
Sif Muna
Trog
Uskayaw
Vehumet
Wu Jian
Xom
Yredelemnul
Zin
The Shining One
Beogh

Shops:
D:7 ?[   D:9 *

Portals:
Trove: D:11 (give 16 scrolls of teleportation)

Annotations:
D:8 2 transporters


Innate Abilities, Weirdness & Mutations

You have a pair of small horns on your head.
Your spells are a little harder to cast, but a little more powerful.


Message History

You are splashed with acid!
You closely miss the brown ugly thing.
You headbutt the brown ugly thing, but do no damage.
The brown ugly thing is moderately wounded.
The brown ugly thing misses you.
You hit the brown ugly thing.
The brown ugly thing is moderately wounded.
The brown ugly thing claws you!
You are splashed with acid!
You closely miss the brown ugly thing.
The brown ugly thing is moderately wounded.
The brown ugly thing claws you!
* * * LOW HITPOINT WARNING * * *
You are splashed with acid!
* * * LOW HITPOINT WARNING * * *
You hit the brown ugly thing but do no damage.
The brown ugly thing is moderately wounded.
The brown ugly thing claws you!
* * * LOW HITPOINT WARNING * * *
The acid corrodes you!
You are splashed with acid.
You die...

#......#,,*...,,,,,,,,,,,,,,,*
#......#+##.#************,,,,,
#...........#,,,,,,,.,,,*,,,,,
#..).)......#,,,,,,..,,,*,####
#..))).[....#,,,,,...,,,*,#...
#...........#,,,,..,,,,,*##...
####...........####'#,,,,,,,.....
...............u....#,,,,,,****#.
................@...#,,,,,,*,,,#.
........###########.#,,,,,,*,,,+.
#########.........###,,,,,,*,,,#.
##..#######..##,....,*,,,#.
##..##.....##..##.....*,,,#.
#..##..###..##..##....*,,,#.
##..##..\##..##..##...#####.
##..#####..##..##..........
##.......##..##...........


You could see a brown ugly thing.

Vanquished Creatures
  A minotaur (Gauntlet)
  A death ooze (Gauntlet)
  A centaur warrior (D:11)
  A two-headed ogre (D:11)
  2 unseen horrors (D:10)
  3 large abominations (Gauntlet)
  Psyche (D:9)
  Maurice (D:9)
  Maggie (D:8)
  A komodo dragon (D:8)
  A troll (D:11)
  A hornet (D:11)
  Grinder (D:5)
  A wyvern (D:8)
  Eustachio (D:5)
  13 yaks
  Edmund (D:5)
  An acid dragon (D:11)
  3 sky beasts
  3 orc warriors
  4 ice beasts
  2 ogres
  A black bear (D:9)
  4 phantoms
  4 centaurs
  3 big kobolds
  3 elf zombies (Ossuary)
  6 bullfrogs
  A gnoll sergeant (D:8)
  2 scorpions
  9 small abominations (Gauntlet)
  6 killer bees (D:10)
  3 wights (D:9)
  A howler monkey (D:7)
  5 centaur zombies
  A bullfrog zombie (D:6)
  3 jellies
  A quasit (D:11)
  2 human zombies (Ossuary)
  4 orc priests
  5 hounds
  A bullfrog skeleton (D:10)
  12 orc wizards
  Ijyb (D:5)
  Jessica (D:2)
  5 iguanas
  Terence (D:2)
  5 worker ants
  A killer bee zombie (D:8)
  3 big kobold zombies (Ossuary)
  A hound zombie (D:11)
  3 mummies (Ossuary)
  A worker ant zombie (D:6)
  Robin (D:2)
  14 gnolls
  20 adders
  2 white imps
  3 ufetubi
  2 oozes
  An adder zombie (Ossuary)
  2 adder skeletons
  2 dart slugs
  22 orcs
  5 ball pythons
  3 bats
  4 giant cockroaches
  13 goblins
  13 hobgoblins
  15 jackals
  A quokka (D:6)
  7 frilled lizards
  6 goblin zombies (Ossuary)
  3 hobgoblin zombies (Ossuary)
  A jackal skeleton (D:4)
  5 jackal zombies (Ossuary)
  18 kobolds
  3 kobold zombies (Ossuary)
  An orc zombie (Ossuary)
  8 quokka zombies
  6 rats
  2 rat zombies (Ossuary)
327 creatures vanquished.

Vanquished Creatures (others)
  4 demonic plants (Gauntlet)
  A plant (D:8)
5 creatures vanquished.

Grand Total: 332 creatures vanquished

Notes
Turn   | Place    | Note
-------+----------+-------------------------------------------
     0 | D:1      | MrRokkomies the Human Gladiator began the quest for the
                  | Orb.
     0 | D:1      | Reached XP level 1. HP: 16/16 MP: 1/1
   160 | D:1      | Reached XP level 2. HP: 18/22 MP: 2/2
   395 | D:1      | Reached XP level 3. HP: 28/28 MP: 3/3
  1073 | D:2      | Found a white marble altar of Elyvilon.
  1278 | D:2      | Reached XP level 4. HP: 29/35 MP: 4/4
  1330 | D:2      | Noticed Robin
  1354 | D:2      | Killed Robin
  1359 | D:2      | Reached skill level 4 in Axes
  1361 | D:2      | Reached XP level 5. HP: 32/41 MP: 5/5
  1402 | D:2      | Noticed Jessica
  1408 | D:2      | Killed Jessica
  1525 | D:2      | Reached XP level 6. HP: 48/48 MP: 6/6
  1789 | D:2      | Noticed Terence
  1797 | D:2      | Killed Terence
  1806 | D:2      | Found an ornate altar of the Wu Jian Council.
  1901 | D:2      | Found an ancient bone altar of Kikubaaqudgha.
  1935 | D:2      | Found a bloodstained altar of Trog.
  2076 | D:3      | Reached skill level 5 in Axes
  2190 | D:3      | Reached XP level 7. HP: 28/55 MP: 7/7
  2937 | D:4      | Reached skill level 5 in Fighting
  3286 | D:5      | Entered Level 5 of the Dungeon
  3368 | D:5      | Noticed Grinder
  3377 | D:5      | Paralysed by Grinder for 6 turns
  3394 | D:5      | Paralysed by Grinder for 5 turns
  3399 | D:5      | Killed Grinder
  3399 | D:5      | Reached skill level 6 in Axes
  3399 | D:5      | Reached XP level 8. HP: 38/64 MP: 8/8
  3411 | D:5      | Found a sand-covered staircase.
  3435 | Ossuary  | Entered an ossuary
  3591 | Ossuary  | Reached skill level 5 in Dodging
  3747 | Ossuary  | Reached skill level 7 in Axes
  3820 | D:5      | Found an ancient bone altar of Kikubaaqudgha.
  3953 | D:5      | Noticed Edmund
  3976 | D:5      | Killed Edmund
  3976 | D:5      | Reached XP level 9. HP: 51/72 MP: 9/9
  4119 | D:5      | Noticed Ijyb
  4132 | D:5      | Killed Ijyb
  4384 | D:5      | Noticed Eustachio
  4424 | D:5      | Killed Eustachio
  4820 | D:6      | Reached skill level 8 in Axes
  5539 | D:7      | Found Citulo's Magic Scroll Shop.
  5551 | D:7      | Found Wetacwiu's Armour Shoppe.
  5729 | D:7      | Found a staircase to the Ecumenical Temple.
  5738 | Temple   | Entered the Ecumenical Temple
  6027 | D:7      | Found a hide-covered altar of Uskayaw.
  6029 | D:7      | Noticed a +0 dagger
  6030 | D:7      | Noticed a +0 dagger
  6034 | D:7      | Became a worshipper of Uskayaw the Reveler
  6084 | D:7      | Found a snail-covered altar of Cheibriados.
  6176 | D:8      | Reached * piety under Uskayaw
  6257 | D:8      | Reached ** piety under Uskayaw
  6258 | D:8      | Reached skill level 1 in Invocations
  6258 | D:8      | Reached XP level 10. HP: 80/82 MP: 10/10
  6333 | D:8      | Reached *** piety under Uskayaw
  6337 | D:8      | Reached **** piety under Uskayaw
  6446 | D:8      | Reached skill level 9 in Axes
  6486 | D:8      | Found a transporter.
  6490 | D:8      | Noticed a two-headed ogre
  6490 | D:8      | Noticed a cyclops
  6492 | D:8      | Found a roughly hewn altar of Beogh.
  6492 | D:8      | Found a transporter.
  6646 | D:8      | Found a staircase to the Lair.
  6647 | D:8      | Noticed a komodo dragon
  6664 | D:8      | Killed a komodo dragon
  6783 | D:8      | Found a sacrificial altar of Ru.
  6828 | D:8      | Noticed Maggie
  6841 | D:8      | Killed Maggie
  7174 | D:9      | Found Uheat's General Store.
  7187 | D:9      | Noticed Maurice
  7236 | D:9      | Killed Maurice
  7509 | D:9      | Noticed Psyche
  7528 | D:9      | Killed Psyche
  7528 | D:9      | Reached skill level 5 in Invocations
  7754 | D:10     | Entered Level 10 of the Dungeon
  7801 | D:10     | Gained mutation: You have a pair of small horns on your
                  | head. [potion of mutation]
  7801 | D:10     | Gained mutation: Your spells are a little harder to cast,
                  | but a little more powerful. [potion of mutation]
  7809 | D:10     | Killed an unseen horror
  7809 | D:10     | Reached skill level 10 in Axes
  7809 | D:10     | Reached XP level 11. HP: 67/89 MP: 13/15
  8051 | D:10     | Killed an unseen horror
  8242 | D:10     | Reached ***** piety under Uskayaw
  8810 | D:11     | Reached ****** piety under Uskayaw
  8815 | D:11     | Reached skill level 11 in Axes
  8835 | D:11     | Found a gate leading to a gauntlet.
  8852 | D:11     | Paralysed by a hornet for 2 turns
  8871 | Gauntlet | Entered a Gauntlet
  8871 | Gauntlet | Found a transporter.
  8981 | Gauntlet | Found a transporter.
  8983 | Gauntlet | Found a transporter.
  8998 | Gauntlet | Found a transporter.
  9000 | Gauntlet | Found a transporter.
  9002 | Gauntlet | Noticed a large abomination
  9004 | Gauntlet | Noticed a large abomination
  9009 | Gauntlet | Found a transporter.
  9023 | Gauntlet | Noticed a glowing orange brain
  9023 | Gauntlet | Noticed a green ugly thing
  9024 | Gauntlet | Found a runed translucent gate.
  9025 | Gauntlet | Found a transporter.
  9025 | Gauntlet | Found a runed translucent gate.
  9026 | Gauntlet | Found a runed translucent gate.
  9035 | Gauntlet | Found a transporter.
  9038 | Gauntlet | Noticed a wizard
  9044 | Gauntlet | Noticed a wizard
  9045 | Gauntlet | Found a transporter.
  9048 | Gauntlet | Noticed a thrashing horror
  9048 | Gauntlet | Noticed a thrashing horror
  9050 | Gauntlet | Found a transporter.
  9050 | Gauntlet | Found a transporter.
  9078 | Gauntlet | Found a transporter.
  9078 | Gauntlet | Found a transporter.
  9086 | Gauntlet | Noticed a death ooze
  9136 | Gauntlet | Found a transporter.
  9235 | Gauntlet | Killed a death ooze
  9549 | Gauntlet | Killed a large abomination
  9550 | Gauntlet | Killed a large abomination
  9550 | Gauntlet | Reached skill level 10 in Fighting
  9550 | Gauntlet | Reached XP level 12. HP: 37/97 MP: 18/18
  9561 | Gauntlet | Got a transparent turquoise ring
  9790 | Gauntlet | Identified the ring of Yntemn {+Blink rC+ MR+} (You found
                  | it in a Gauntlet)
  9826 | Gauntlet | Noticed a minotaur
  9839 | Gauntlet | Killed a minotaur
  9989 | D:11     | Found a portal to a secret trove of treasure.
 10096 | D:11     | Noticed a centaur warrior
 10114 | D:11     | Killed a centaur warrior
 10211 | D:11     | Noticed a two-headed ogre
 10225 | D:11     | Killed a two-headed ogre
 10448 | D:11     | Reached skill level 12 in Axes
 10647 | D:11     | HP: 2/98 [brown ugly thing (15)]
 10647 | D:11     | Splashed by a brown ugly thing's acid

Illustrated notes

Levels and vault maps discovered:
D:1:      kilobyte_arrival_exit_the_forest, layout_basic, minmay_tromino_v4_b
D:2:      layout_loops_ring, nicolae_overflow_quartered_altars,
          minmay_snake_closets, uniq_robin, uniq_jessica, uniq_terence
D:3:      layout_basic
D:4:      layout_rooms, first_ration
D:5:      layout_basic, basic_altar, chequers_ossuary_entry_cave,
          minmay_misc_feat_four_crosses, uniq_eustachio, uniq_grinder,
          uniq_edmund, uniq_ijyb
D:6:      layout_loops_ring
D:7:      layout_cave_pools, kennysheep_little_box, dancing_weapons_uskayaw,
          temple_hall, serial_shops, kennysheep_mini_moat,
          nicolae_shop_statue_plus
D:8:      gammafunk_beogh_shrine, layout_loops_cross, david_lair_shrubbed,
          nicolae_ru_great_annihilating_truth, uniq_maggie, uniq_prince_ribbit1
D:9:      layout_basic, serial_shops, nicolae_shop_statue_plus, uniq_psyche,
          uniq_maurice
D:10:     layout_roguey
D:11:     layout_irregular_city, gauntlet_entry_generic, trove_entry_hex_spiral
D:12:     layout_basic, erik_orc_4
Temple:   regret_index_temple_sphere_string

Skill      XL: |  1  2  3  4  5  6  7  8  9 10 11 12 |
---------------+-------------------------------------+-----
Fighting       | 3 4 5 7 8 9 10 | 10.3
Axes           | 4 5 6 7 8 10 11 12 | 12.0
Dodging        | 4 5 6 7 8 |  8.9
Invocations    | 1 5 8 9 |  9.4
Throwing       | |  2.0

Action                   |  1- 3 |  4- 6 |  7- 9 | 10-12 || total
-------------------------+-------+-------+-------+-------++-------
Melee: War axe           |    81 |   158 |   528 |   176 ||   943
       Unarmed           |       |       |    12 |       ||    12
       Battleaxe         |       |       |       |   328 ||   328
       Dagger            |       |       |       |    72 ||    72
       Headbutt          |       |       |       |    71 ||    71
Throw: Throwing net      |       |     2 |     4 |     2 ||     8
       Dart              |       |       |    12 |     9 ||    21
       Boomerang         |       |       |     2 |       ||     2
Invok: Stomp             |       |       |       |     4 ||     4
       Line Pass         |       |       |       |     1 ||     1
Evoke: Wand              |       |       |       |     1 ||     1
  Use: Scroll            |       |     8 |    11 |    11 ||    30
       Potion            |       |       |     2 |    14 ||    16
 Stab: Sleeping          |       |     1 |       |       ||     1
       Held in net/web   |       |       |     4 |     2 ||     6
       Paralysed         |       |       |       |    48 ||    48
       Invisible         |       |       |       |     1 ||     1
  Eat: Ration            |     1 |       |     4 |     4 ||     9
Armor: Leather armour    |    16 |    33 |    65 |       ||   114
       Ring mail         |       |       |    50 |   193 ||   243
       Skin              |       |       |       |    24 ||    24
Dodge: Dodged            |    92 |   148 |   473 |   516 ||  1229

Table legend:
 A = Non-vault XP
 B = Vault XP
 C = Vault XP percentage of total XP
 D = Non-vault monster count
 E = Vault monster count
 F = Vault count percentage of total count
                 A         B        C        D         E       F
            +---------+---------+-------+---------+---------+-------
      Total |   13458 |    7974 |  37.2 |     236 |      91 |  27.8
            +---------+---------+-------+---------+---------+-------
        D:1 |      50 |       1 |   2.0 |      21 |       1 |   4.5
        D:2 |     117 |     226 |  65.9 |      25 |      24 |  49.0
        D:3 |     171 |       0 |   0.0 |      14 |       0 |   0.0
        D:4 |     211 |       0 |   0.0 |      18 |       0 |   0.0
        D:5 |     512 |     665 |  56.5 |      16 |       4 |  20.0
        D:6 |     717 |       0 |   0.0 |      17 |       0 |   0.0
        D:7 |     443 |       0 |   0.0 |       9 |       0 |   0.0
        D:8 |     785 |     746 |  48.7 |      18 |       6 |  25.0
        D:9 |    1051 |     920 |  46.7 |      21 |       2 |   8.7
       D:10 |    4199 |       0 |   0.0 |      39 |       0 |   0.0
       D:11 |    5202 |       0 |   0.0 |      38 |       0 |   0.0
    Ossuary |       0 |     628 | 100.0 |       0 |      40 | 100.0
   Gauntlet |       0 |    4788 | 100.0 |       0 |      14 | 100.0
            +---------+---------+-------+---------+---------+-------
